[Event "Live Chess"]
[Site "Chess.com"]
[Date "2023.05.20"]
[Round "-"]
[White "BostonStrangler"]
[Black "AbilifyXL"]
[Result "1-0"]
[WhiteElo "2060"]
[BlackElo "1946"]
[TimeControl "300"]
[EndTime "12:10:06 PDT"]
[Termination "BostonStrangler won by resignation"]

1. Nf3 d5 2. g3 c6 3. Bg2 Nf6 4. O-O Bf5 5. d3 e6 6. Nbd2 Nbd7 7. c4 Be7 8. Qb3 b6 9. cxd5 cxd5 10. e4 dxe4 11.
dxe4 Nxe4 12. Nd4 Nxd2 13. Bxd2 Rc8 14. Nc6 Qc7 15. Rac1 Nc5 16. Qb5 O-O 17. b4 Nd3 18. Rc3 Qd7 19. Nxe7+ Qxe7 20. Rxd3 Bxd3 21. Qxd3 Rfd8 22.
Qe3 Rc2 23. a4 Rcxd2 24. a5 bxa5 25. bxa5 Rd1 26. h4 Rxf1+ 27. Bxf1 h6 28. a6 Qc7 29. Bg2 Qb6 30. Qxb6 axb6 31. a7 Rd1+ 32. Kh2 Ra1 33. a8=Q+ Rxa8 34. Bxa8 Kf8 35. Kg2 Ke7 36. Kf3 Kd6 37.
Ke4 Kc5 38. Kd3 f6 39. Bf3 b5 40. h5 e5 41. Bd1 b4 42. Bb3 Kb5 43. Ke4 Kc5 44.
f4 exf4 45. gxf4 Kd6 46. Kd4 Ke7 47. Kc4 f5 48. Kxb4 Kf6 49. Kc5 g6 50. hxg6 Kxg6 51.
Kd6 Kh5 52. Ke5 Kg4 53. Bd1+ Kg3 54. Kxf5 1-0

[Event "Live Chess"]
[Site "Chess.com"]
[Date "2023.05.20"]
[Round "-"]
[White "JoshMcK"]
[Black "domrobson"]
[Result "1-0"]
[WhiteElo "1563"]
[BlackElo "1745"]
[TimeControl "300"]
[EndTime "12:10:16 PDT"]
[Termination "JoshMcK won by resignation"]

1. e4 e5 2. Nf3 Nc6 3. Bb5 a6 4. Ba4 Nf6 5. O-O Nxe4 6. d4 b5 7. Bb3 d5 8. dxe5 Be6 9. c3 Bc5 10. Nbd2 O-O 11. Bc2 Nxf2 12. Rxf2 f6 13. Nf1 Bxf2+ 14.
Kxf2 fxe5 15. Kg1 Qf6 16. Bg5 Qg6 17. Bxg6 1-0

[Event "Live Chess"]
[Site "Chess.com"]
[Date "2023.05.20"]
[Round "-"]
[White "McSlash1"]
[Black "mightysmasher"]
[Result "1-0"]
[WhiteElo "2064"]
[BlackElo "2103"]
[TimeControl "300"]
[EndTime "12:10:23 PDT"]
[Termination "McSlash1 won by resignation"]

1. e4 e6 2. d4 d5 3. Nd2 dxe4 4. Nxe4 c5 5. Nf3 Nc6 6. c3 cxd4 7. cxd4 Nf6 8.
Nxf6+ Qxf6 9. Bd3 Bd7 10. Bg5 Bb4+ 11. Kf1 1-0

[Event "Live Chess"]
[Site "Chess.com"]
[Date "2023.05.20"]
[Round "-"]
[White "Leonid_Starozhilov"]
[Black "Olisingapore"]
[Result "1-0"]
[WhiteElo "2653"]
[BlackElo "1904"]
[TimeControl "300"]
[EndTime "12:10:26 PDT"]
[Termination "Leonid_Starozhilov won by resignation"]

1. e4 c5 2. Nf3 d6 3. Bb5+ Nd7 4. O-O a6 5. Bxd7+ Bxd7 6. c3 Nf6 7. Re1 e5 8. d4 cxd4 9. cxd4 exd4 10. Nxd4 Be7 11. Nc3 O-O 12. Bf4 Rc8 13. Rc1 b5 14. Nb3 Qb6 15.
Bg5 Be6 16. Nd4 b4 17. Nd5 Nxd5 18. exd5 Bxg5 19. Rc6 Rxc6 20. dxc6 Bd5 21. h4 Bf6 22. Nf5 Qxc6 23. Qg4 Be6 24. h5 Qd5 25. Ne3 Bxg4 26.
Nxd5 Bxh5 27. Nxb4 Bxb2 28. Nxa6 g6 29. Nc7 Rc8 30.
Nd5 Be5 31. Ne7+ Kf8 32. Nxc8 Ke8 33. Nxd6+ Kd7 34. Rxe5 Kxd6 35. Rxh5 gxh5 36. Kh2 Kc5 37. Kh3 Kb4 38. Kh4 Ka3 39. Kxh5 Kxa2 40. Kh6 Kb3 41. Kxh7 Kc4 42. Kg7 Kd4 43. Kxf7 Ke4 44. Kf6 Kd3 45. g4 Ke4 46. g5 Kf3 47. g6 Kxf2 48. g7 Kf3 49. g8=Q Ke4 50. Qe6+ Kd4 51. Qe5+ Kd3 52. Qf4 Ke2 53. Qg3 Kf1 54. Qh2 1-0

[Event "Live Chess"]
[Site "Chess.com"]
[Date "2023.05.20"]
[Round "-"]
[White "Goblinbasher"]
[Black "worldchessleaguelive"]
[Result "0-1"]
[WhiteElo "1201"]
[BlackElo "1370"]
[TimeControl "300"]
[EndTime "12:10:27 PDT"]
[Termination "worldchessleaguelive won by checkmate"]

1. e4 d5 2. exd5 Qxd5 3. d4 Nf6 4.
Nc3 Qd8 5. Nf3 Bf5 6. Bc4 e6 7. O-O Be7 8. Ne5 Nbd7 9. Nf3 O-O 10. Bd3 Bxd3 11. Qxd3 Nb6 12. Bd2 Nbd5 13. Ne5 Nxc3 14. bxc3 Bd6 15. Qg3 Ne4 16. Qe3 Nxd2 17. Qxd2 Bxe5 18.
Rae1 Bf6 19. Re4 c5 20. Rg4 cxd4 21. cxd4 Qb6 22. c4 Rad8 23. Rd1 Qa6 24. Qb2 Qxc4 25. Rc1 Qd5 26. Rc5 Qf5 27. Rxf5 exf5 28. Rf4 Rfe8 29. g3 g6 30. Qd2 Rd5 31. h4 Red8 32. Qb2 b6 33.
Qa3 Ra5 34. Qb2 Rad5 35. Qc2 Bxd4 36. Rxd4 Rxd4 37. Qc7 R8d7 38. Qb8+ Kg7 39. Qe5+ f6 40. Qe3 Re4 41. Qc3 Rde7 42. h5 gxh5 43. Qa3 Kg6 44. f4 Re1+ 45. Kg2 R7e2+ 46. Kh3 Rh1# 0-1

[Event "Live Chess"]
[Site "Chess.com"]
[Date "2023.05.20"]
[Round "-"]
[White "wot-not"]
[Black "Sidharth2008"]
[Result "1-0"]
[WhiteElo "1480"]
[BlackElo "1094"]
[TimeControl "300"]
[EndTime "12:10:37 PDT"]
[Termination "wot-not won by resignation"]

1. e4 b6 2. f4 Bb7 3. e5 d6 4. Nf3 Bxf3 5. Qxf3 dxe5 6. Qxa8 exf4 7. Bb5+ c6 8.
Bxc6+ Nxc6 9. Qxc6+ Qd7 10. Qxd7+ Kxd7 11. O-O e5 12. d4 exd4 13. Bxf4 Bc5 14. Kh1 f6 15. Nd2 g5 16. Bg3 h5 17. Nb3 h4 18. Bf2 g4 19.
Bxd4 Bxd4 20. Nxd4 h3 21. g3 Nh6 22. Rxf6 1-0

[Event "Live Chess"]
[Site "Chess.com"]
[Date "2023.05.20"]
[Round "-"]
[White "bigedd"]
[Black "lHolyDiverl"]
[Result "1-0"]
[WhiteElo "769"]
[BlackElo "555"]
[TimeControl "300"]
[EndTime "12:10:39 PDT"]
[Termination "bigedd won by resignation"]

1. e4 c6 2. d4 d5 3. exd5 cxd5 4.
Nc3 Nf6 5. Bb5+ Nc6 6. Bg5 Bd7 7.
Nf3 a6 8. Ba4 b5 9. Bb3 Bg4 10. h3 Bf5 11. O-O e6 12. Re1 Bb4 13.
Nxd5 Nxd5 14. Bxd8 Rxd8 15. c3 Bd6 16. Bxd5 1-0

[Event "Live Chess"]
[Site "Chess.com"]
[Date "2023.05.20"]
[Round "-"]
[White "PLZ909"]
[Black "MarkLim1"]
[Result "0-1"]
[WhiteElo "1267"]
[BlackElo "1674"]
[TimeControl "300"]
[EndTime "12:10:39 PDT"]
[Termination "MarkLim1 won by resignation"]

1. d4 Nf6 2. Bf4 c5 3. Nf3 e6 4. c3 Qb6 5. Qb3 Qxb3 6. axb3 cxd4 7. cxd4 Nc6 8. e3 Nb4 9. Nbd2 Nc2+ 10. Ke2 Nxa1 11.
Ke1 0-1

[Event "Live Chess"]
[Site "Chess.com"]
[Date "2023.05.20"]
[Round "-"]
[White "elizaveta_frundina"]
[Black "olahgito"]
[Result "1-0"]
[WhiteElo "1565"]
[BlackElo "728"]
[TimeControl "300"]
[EndTime "12:10:41 PDT"]
[Termination "elizaveta_frundina won by checkmate"]

1. e4 d5 2. exd5 Qxd5 3. Nc3 Qd8 4. d4 Nf6 5. Nf3 Bg4 6. Be3 Nc6 7. Bb5 Qd7 8. d5 a6 9. dxc6 Qxd1+ 10. Rxd1 axb5 11.
Nxb5 bxc6 12. Nxc7# 1-0

[Event "Live Chess"]
[Site "Chess.com"]
[Date "2023.05.20"]
[Round "-"]
[White "TobyQuaite"]
[Black "Richardallis"]
[Result "0-1"]
[WhiteElo "1679"]
[BlackElo "1805"]
[TimeControl "300"]
[EndTime "12:10:43 PDT"]
[Termination "Richardallis won by resignation"]

1. e4 d5 2. exd5 Nf6 3. c4 c6 4.
dxc6 Nxc6 5. Nf3 e5 6. d3 Bg4 7. Bg5 Bc5 8. h3 Bxf3 9. Qxf3 Nd4 10. Qd1 O-O 11. Nd2 Qb6 12. Bxf6 Qxf6 13. Ne4 Qb6 14. Nxc5 Qxc5 15. Be2 Qb4+ 16. Qd2 Nc2+ 17. Kd1 Qxd2+ 18. Kxd2 Nxa1 19. Rxa1 Rfd8 20. f3 f5 21. b4 e4 22.
fxe4 fxe4 23. Kc3 exd3 24. Bxd3 Rac8 25. Re1 Re8 26. Rf1 Rf8 27. Re1 Rce8 28. Rf1 Rxf1 29. Bxf1 Re3+ 30. Bd3 Rg3 31. Kb3 Rxd3+ 0-1

[Event "Live Chess"]
[Site "Chess.com"]
[Date "2023.05.20"]
[Round "-"]
[White "WilliamofOrange16th"]
[Black "manthanit"]
[Result "1-0"]
[WhiteElo "1865"]
[BlackElo "945"]
[TimeControl "300"]
[EndTime "12:10:48 PDT"]
[Termination "WilliamofOrange16th won by checkmate"]

1. e4 g6 2. f4 Bg7 3. Nf3 Nf6 4.
e5 Ne4 5. d3 Nc5 6. Nc3 d6 7. d4 Nca6 8. Be3 dxe5 9. dxe5 Bf5 10.
Qxd8+ Kxd8 11. O-O-O+ Nd7 12. h3 Nb4 13. Bd3 Nxd3+ 14.
cxd3 c6 15. g4 Be6 16. Nd4 Bd5 17. Nxd5 cxd5 18. Kb1 e6 19. Rc1 Ke7 20. Nb5 a6 21. Nd6 Rab8 22. Rc7 b6 23. Rhc1 f6 24. d4 fxe5 25.
fxe5 Rhf8 26. Bg5+ Bf6 27. exf6+ Kxd6 28. R1c6# 1-0

[Event "Live Chess"]
[Site "Chess.com"]
[Date "2023.05.20"]
[Round "-"]
[White "PiotrD11"]
[Black "chessleanstrategist"]
[Result "1-0"]
[WhiteElo "1352"]
[BlackElo "400"]
[TimeControl "300"]
[EndTime "12:10:59 PDT"]
[Termination "PiotrD11 won on time"]

1. e4 d6 2. d4 Nf6 3. Nc3 g6 4. Nf3 Bg7 5. Be3 O-O 6. Be2 e5 7. d5 c6 8. O-O cxd5 9. Nxd5 Nxd5 10. exd5 e4 11. Nd4 f5 12. c3 Na6 13. Qd2 Nc5 14.
Rad1 Bd7 15. b4 Na4 16. Bh6 Qc7 17. Bxg7 Kxg7 18. Ne6+ Bxe6 19. dxe6 Qxc3 20. Qxd6 Qc6 21. Qe5+ Rf6 22. e7 Qe8 23. Bb5 Rd8 24. Rxd8 1-0

[Event "Live Chess"]
[Site "Chess.com"]
[Date "2023.05.20"]
[Round "-"]
[White "Conradical12"]
[Black "TheSmoulderingMaster"]
[Result "1-0"]
[WhiteElo "1567"]
[BlackElo "1723"]
[TimeControl "300"]
[EndTime "12:11:20 PDT"]
[Termination "Conradical12 won by resignation"]

1. e4 c5 2. d4 cxd4 3. c3 dxc3 4. Nxc3 Nc6 5. f4 d6 6. Bc4 e6 7. Nf3 Nf6 8. O-O Be7 9. Be3 O-O 10. h3 Nh5 11.
Qc2 Bd7 12. Kh2 Rc8 13. Rad1 Nb4 14. Qb3 a5 15. a3 d5 16. exd5 exd5 17. Nxd5 Nxd5 18.
Bxd5 b6 19. Bxb6 Qe8 20. Qd3 Nxf4 21. Bxf7+ Qxf7 22. Qxd7 Ne2 23. Ne5 Qb3 24. Qxe7 Qg3+ 25. Kh1 Rfe8 26. Qf7+ Kh8 27. Rd8 Rcxd8 28. Bxd8 Qxe5 29.
Qf8+ 1-0

[Event "Live Chess"]
[Site "Chess.com"]
[Date "2023.05.20"]
[Round "-"]
[White "gmnorfolk"]
[Black "LanceMaster23"]
[Result "0-1"]
[WhiteElo "2022"]
[BlackElo "1868"]
[TimeControl "300"]
[EndTime "12:11:24 PDT"]
[Termination "LanceMaster23 won by resignation"]

1. d4 Nf6 2. c4 e6 3. Nc3 Bb4 4. e3 c5 5. Bd3 Qa5 6. Ne2 cxd4 7. exd4 d5 8. O-O O-O 9. cxd5 exd5 10. a3 Be6 11. h3 Nc6 12. f4 Bd6 13. f5 Bd7 14.
g4 Rfe8 15. b4 Qb6 16. g5 Nxd4 17. Kh1 Nxe2 18. Nxe2 Ne4 19. Bb2 Nf2+ 20. Rxf2 Qxf2 21. Qg1 Qf3+ 22. Qg2 Qxd3 23. g6 hxg6 24. fxg6 Qxg6 0-1

[Event "Live Chess"]
[Site "Chess.com"]
[Date "2023.05.20"]
[Round "-"]
[White "mliszewski"]
[Black "Ninifu"]
[Result "0-1"]
[WhiteElo "1880"]
[BlackElo "2004"]
[TimeControl "300"]
[EndTime "12:11:33 PDT"]
[Termination "Ninifu won by checkmate"]

1. d4 Nf6 2. Bg5 c5 3. d5 Qb6 4. Nc3 Qxb2 5. Bd2 Qb6 6. e4 e5 7.
f4 d6 8. Nf3 Nbd7 9. Rb1 Qc7 10.
fxe5 dxe5 11. Nb5 Qb8 12. Ba5 b6 13. d6 Nxe4 14. Nc7+ Kd8 15. Nxa8 Qxa8 16. Bd2 Bxd6 17. Bd3 Nef6 18. Bf5 Kc7 19. O-O h6 20. Re1 Re8 21. Bxd7 Bxd7 22. Rf1 e4 23. Nh4 e3 24. Bxe3 Rxe3 25. Qd2 Re8 26. Rbd1 Qc6 27. c4 Bg4 28. Rde1 Rxe1 29. Rxe1 g5 30. Qf2 Ne4 31. Qxf7+ Bd7 32.
Nf3 g4 33. Nh4 Kb7 34. Qh7 Ng5 35. Qxh6 Bxh2+ 36. Kxh2 Qxh6 37. g3 Nf3+ 38. Kg2 Nxe1+ 39. Kf2 Qd2+ 40. Kf1 Be6 41. Kg1 Qe2 42. Kh1 Nf3 43. Ng2 Qf1# 0-1

[Event "Live Chess"]
[Site "Chess.com"]
[Date "2023.05.20"]
[Round "-"]
[White "raminguy"]
[Black "luckywookie"]
[Result "1-0"]
[WhiteElo "1997"]
[BlackElo "744"]
[TimeControl "300"]
[EndTime "12:11:40 PDT"]
[Termination "raminguy won by checkmate"]

1. d4 d5 2. Nc3 c6 3. Bf4 Bf5 4. e3 Nd7 5. h4 e6 6. g4 Be4 7. f3 e5 8. dxe5 Bb4 9. fxe4 Bxc3+ 10. bxc3 dxe4 11. Bg2 Qa5 12. Ne2 b5 13. Bxe4 O-O-O 14.
O-O Nc5 15. Bf5+ Kc7 16. e6+ Kb7 17. exf7 Nf6 18. Qb1 Rhf8 19. c4 a6 20. cxb5 axb5 21. c4 Rxf7 22. cxb5 cxb5 23. Nd4 Nd5 24. Nxb5 Kc6 25.
Nd4# 1-0

[Event "Live Chess"]
[Site "Chess.com"]
[Date "2023.05.20"]
[Round "-"]
[White "CheckThis4"]
[Black "Ocelot32"]
[Result "1-0"]
[WhiteElo "2554"]
[BlackElo "1397"]
[TimeControl "300"]
[EndTime "12:11:48 PDT"]
[Termination "CheckThis4 won by resignation"]

1. d4 d5 2. Bg5 Nf6 3. e3 e6 4. Nf3 Nbd7 5. c4 c6 6. Nc3 Be7 7. Bd3 O-O 8. O-O dxc4 9. Bxc4 Nd5 10. Bxe7 Qxe7 11. Rc1 N7f6 12. Ne5 Nxc3 13. bxc3 Nd5 14. Bd3 f6 15. Nf3 Re8 16. c4 Nb4 17. Bb1 e5 18. Qb3 Na6 19. Qc2 e4 20. Nd2 Bf5 21.
Qb3 Kh8 22. f3 Be6 23. fxe4 Bf7 24. Qc2 Bg6 25. Qb2 Rab8 26. Rf3 Nc7 27. Rg3 Qf7 28. Rf1 Bh5 29. e5 Re6 30. Ne4 Rf8 31. Ng5 Qe7 32. Nxh7 b6 33. Nxf8 Qxf8 34. Rh3 g6 35. Bxg6 Qg7 36.
Rxh5+ Kg8 37. Bh7+ Kf7 38. Bf5 fxe5 1-0

[Event "Live Chess"]
[Site "Chess.com"]
[Date "2023.05.20"]
[Round "-"]
[White "McSlash1"]
[Black "domrobson"]
[Result "1-0"]
[WhiteElo "2066"]
[BlackElo "1743"]
[TimeControl "300"]
[EndTime "12:11:49 PDT"]
[Termination "McSlash1 won by resignation"]

1. e4 e5 2. Nf3 Nc6 3. Bb5 a6 4. Ba4 Nf6 5. O-O Nxe4 6. Re1 Nc5 7. Bxc6 dxc6 8. Nxe5 Be7 9. d4 Ne6 10. c3 O-O 11. Nd2 c5 12. Ndf3 cxd4 13. cxd4 c6 14.
Be3 Qd5 15. Nd3 Bd6 16. a3 Qh5 17. Nfe5 Rd8 18. Qxh5 1-0

[Event "Live Chess"]
[Site "Chess.com"]
[Date "2023.05.20"]
[Round "-"]
[White "Ayush_prahlad_Gupta"]
[Black "ReceptiveCamel"]
[Result "1-0"]
[WhiteElo "1794"]
[BlackElo "640"]
[TimeControl "300"]
[EndTime "12:11:51 PDT"]
[Termination "Ayush_prahlad_Gupta won by checkmate"]

1. e4 e5 2. Nc3 Nf6 3. Bc4 Bb4 4. a3 Bxc3 5. dxc3 Nxe4 6. Qh5 g6 7. Qxe5+ Qe7 8.
Qxh8+ Qf8 9. Qxf8+ Kxf8 10. Bh6+ Ke7 11. O-O-O Nxf2 12. Re1+ Kf6 13. Nh3 Nxh1 14. Rf1+ Ke7 15.
Rxh1 d6 16. Re1+ Kf6 17. Rf1+ Bf5 18. g4 Nd7 19. gxf5 gxf5 20. Bd3 Nc5 21. Rxf5+ Ke6 22. Ng5+ Ke7 23. Rxf7+ Ke8 24. Bxh7 Rd8 25. Bg6 Rd7 26.
Rh7+ Kd8 27. Rh8+ Ke7 28. Bg7 Nb3+ 29. cxb3 a5 30. Re8# 1-0

[Event "Live Chess"]
[Site "Chess.com"]
[Date "2023.05.20"]
[Round "-"]
[White "blunderabit"]
[Black "lateforthesky"]
[Result "0-1"]
[WhiteElo "1890"]
[BlackElo "2075"]
[TimeControl "300"]
[EndTime "12:12:01 PDT"]
[Termination "lateforthesky won on time"]

1. e4 c5 2. Nf3 Nf6 3. Nc3 d5 4.
exd5 Nxd5 5. Bb5+ Bd7 6. Qe2 Nb4 7. Bxd7+ Qxd7 8. d3 N8c6 9. a3 Nd5 10. Ne4 Nd4 11.
Nxd4 cxd4 12. O-O e6 13. c4 dxc3 14. bxc3 Be7 15. c4 Nf6 16. Bb2 Nxe4 17. Qxe4 O-O 18. Qg4 g6 19. Rad1 f5 20. Qe2 Bf6 21. Rfe1 Bxb2 22.
Qxb2 Kf7 23. d4 Rfe8 24. c5 Re7 25. Qb3 Rd8 26. Qh3 Kg8 27. Qh4 Rde8 28. Qf6 Rf7 29.
Qe5 Rff8 30. Re3 Qd5 31. Qxd5 exd5 32. Rde1 Rxe3 33. Rxe3 Kf7 34. Re5 Rd8 35. Kf1 Kf6 36.
Ke2 Rd7 37. Kd3 g5 38. Kc3 h5 39. g3 h4 40. gxh4 gxh4 41. Kd3 Kg5 42. Ke3 Rd8 0-1

[Event "Live Chess"]
[Site "Chess.com"]
[Date "2023.05.20"]
[Round "-"]
[White "Pablo_dmp"]
[Black "JackRudd"]
[Result "0-1"]
[WhiteElo "1867"]
[BlackElo "2480"]
[TimeControl "300"]
[EndTime "12:12:06 PDT"]
[Termination "JackRudd won by resignation"]

1. e4 c5 2. a3 Nc6 3. b4 cxb4 4. axb4 d5 5. exd5 Qxd5 6. Nc3 Qe5+ 7. Qe2 Qxe2+ 8. Bxe2 Nxb4 9. Nb5 Nxc2+ 10. Kd1 Nxa1 11. Nc7+ Kd8 12. Nxa8 Nb3 13. Ba3 Nf6 14. Bc4 Nd4 15.
Bxf7 e6 16. Bb2 Bc5 17. Bxd4 Bxd4 18. Nf3 Bxf2 19. Rf1 Bc5 20. Re1 Ke7 21. Bxe6 Bxe6 22. Ng5 Rxa8 23. Nxe6 Kd6 24. Nxg7 Rg8 25. Nf5+ Kd7 26.
g3 a5 27. Re5 b6 28. d4 Bd6 29. Re2 Nd5 30. Rb2 Rf8 31. g4 Bb4 32. h4 h5 0-1

[Event "Live Chess"]
[Site "Chess.com"]
[Date "2023.05.20"]
[Round "-"]
[White "zdanevych"]
[Black "jameskwong"]
[Result "0-1"]
[WhiteElo "1499"]
[BlackElo "2141"]
[TimeControl "300"]
[EndTime "12:12:12 PDT"]
[Termination "jameskwong won by resignation"]

1. d4 Nf6 2. c4 e6 3. Nc3 Bb4 4.
a3 Bxc3+ 5. bxc3 O-O 6. Nf3 d5 7. Bg5 h6 8. Bh4 c5 9. cxd5 exd5 10. e3 Qa5 11. Qc2 Ne4 12. Rc1 Qxa3 13. Bd3 Bf5 14. O-O c4 15. Bxe4 Bxe4 16. Qe2 Bd3 17. Qe1 Bxf1 18.
Qxf1 Nc6 19. Bg3 b5 20. Qe1 Rfe8 21. Ra1 Qe7 22. Ra6 Qb7 23. Qa1 b4 24. cxb4 Nxb4 25.
Ra5 Rec8 26. h3 c3 0-1

[Event "Live Chess"]
[Site "Chess.com"]
[Date "2023.05.20"]
[Round "-"]
[White "LaupMiths"]
[Black "mikkyb4"]
[Result "1-0"]
[WhiteElo "1821"]
[BlackElo "1010"]
[TimeControl "300"]
[EndTime "12:12:21 PDT"]
[Termination "LaupMiths won by resignation"]

1. e4 g6 2. d4 Bg7 3. Nf3 d6 4. Bd3 Nf6 5. c3 e5 6. h3 O-O 7. Be3 Nc6 8. O-O d5 9. dxe5 Nd7 10. exd5 Ncxe5 11. Nxe5 Bxe5 12. Bh6 Re8 13. f4 Bg7 14. Bxg7 Kxg7 15. f5 Ne5 16. fxg6 fxg6 17. c4 Nxd3 18. Qxd3 Bf5 19. Qd4+ Kg8 20. Nc3 b6 21. Rf4 c5 22. dxc6 Qxd4+ 23. Rxd4 Rac8 24. Rd7 Rxc6 25. Rxa7 Rxc4 26. Rd1 Rf4 27. Rd6 Re1+ 28. Kh2 Rf2 29. Rxb6 Rc1 30. Rb8+ Bc8 31. Rxc8+ Rf8 32. Rcc7 Rcf1 33.
Rg7+ Kh8 34. Rxh7+ 1-0

[Event "Live Chess"]
[Site "Chess.com"]
[Date "2023.05.20"]
[Round "-"]
[White "Ayursworld"]
[Black "djw60"]
[Result "0-1"]
[WhiteElo "1372"]
[BlackElo "2114"]
[TimeControl "300"]
[EndTime "12:12:24 PDT"]
[Termination "djw60 won by checkmate"]

1. e4 g6 2. Nf3 Bg7 3. d4 d6 4. Bc4 Nf6 5. Nc3 O-O 6. Bg5 Nxe4 7.
Nxe4 d5 8. Bxd5 Qxd5 9. Nc3 Qd6 10. O-O c6 11. Qd2 Nd7 12. Bh6 Nf6 13. Rfe1 Bg4 14. Bxg7 Kxg7 15. Ne5 Be6 16. h4 Rad8 17. Ne2 Qxe5 18. f4 Qh5 19. g3 Qg4 20. Qe3 Bd5 21. Nc3 e6 22. Nxd5 exd5 23. Qf2 Rfe8 24. Rxe8 Rxe8 25.
Re1 Rxe1+ 26. Qxe1 Ne4 27. Kg2 Qe6 28. Kf3 Ng5+ 29. hxg5 Qxe1 30. Kg4 Qe2+ 31. Kh3 Qxc2 32. b4 Qc4 33. a4 Qxd4 34. a5 Qd1 35. a6 Qh1+ 36.
Kg4 f5+ 37. gxf6+ Kxf6 38. axb7 h5# 0-1

[Event "Live Chess"]
[Site "Chess.com"]
[Date "2023.05.20"]
[Round "-"]
[White "NatashaRegan"]
[Black "LiamClery2020"]
[Result "0-1"]
[WhiteElo "1855"]
[BlackElo "2086"]
[TimeControl "300"]
[EndTime "12:12:29 PDT"]
[Termination "LiamClery2020 won by resignation"]

1. e4 Nf6 2. e5 Nd5 3. d4 d6 4. c4 Nb6 5. Nc3 dxe5 6. d5 e6 7. Be3 Bb4 8. Bxb6 axb6 9. Qb3 Bxc3+ 10. bxc3 Na6 11. Qb5+ Bd7 12. Qb3 Nc5 13. Qc2 exd5 14. cxd5 O-O 15. Nf3 Qf6 16. Bc4 Bg4 17. Nd2 e4 18. O-O Rae8 19. Rae1 Qg6 20. Kh1 Bf5 21. Qd1 Nd3 22. Re3 Bg4 23. Qb1 Nf4 24. Nxe4 Bf5 25.
Rg3 Bxe4 26. Rxg6 Bxb1 27. Rg4 Bd3 28. Rxf4 Bxf1 29. Bxf1 Re1 30. Kg1 Ra1 31. f3 Re8 32. Kf2 Rxa2+ 33. Kg3 Re1 34. Bc4 Ra8 35. d6 cxd6 36.
Rxf7 Kh8 37. Rxb7 Rc1 38. Bd5 Rd8 39. Rxb6 Rxc3 40. Rb7 Rc5 41. Be6 d5 42. f4 d4 43.
f5 d3 44. Rb1 d2 45. Rd1 Rc1 0-1

[Event "Live Chess"]
[Site "Chess.com"]
[Date "2023.05.20"]
[Round "-"]
[White "TobyQuaite"]
[Black "manthanit"]
[Result "0-1"]
[WhiteElo "1663"]
[BlackElo "961"]
[TimeControl "300"]
[EndTime "12:12:34 PDT"]
[Termination "manthanit won by checkmate"]

1. e4 e5 2. Nf3 Nc6 3. d4 exd4 4.
Bc4 d6 5. O-O Be6 6. Bxe6 fxe6 7.
Nxd4 Nxd4 8. Qxd4 Nf6 9. Bg5 Be7 10. Nc3 O-O 11. Rad1 e5 12. Qc4+ Kh8 13. Bxf6 Bxf6 14. Nd5 c6 15. Nxf6 Qxf6 16. Rd3 Rad8 17. Rfd1 Qxf2+ 18. Kh1 Qf1+ 19. Rxf1 Rxf1# 0-1

[Event "Live Chess"]
[Site "Chess.com"]
[Date "2023.05.20"]
[Round "-"]
[White "Bob2pen"]
[Black "vovanada"]
[Result "1-0"]
[WhiteElo "1791"]
[BlackElo "811"]
[TimeControl "300"]
[EndTime "12:12:36 PDT"]
[Termination "Bob2pen won by resignation"]

1. c4 e6 2. g3 d5 3. Bg2 dxc4 4. a4 Nf6 5. Nf3 Bd6 6. O-O O-O 7.
Na3 Bxa3 8. Rxa3 Nc6 9. Qc2 b6 10. Ne5 Nxe5 11. Bxa8 Ba6 12. Bg2 Nfg4 13. h3 Nf6 14. Rd1 c6 15. Qc3 b5 16. Qxe5 1-0

[Event "Live Chess"]
[Site "Chess.com"]
[Date "2023.05.20"]
[Round "-"]
[White "thrithik"]
[Black "Duke_of_Bebington"]
[Result "0-1"]
[WhiteElo "385"]
[BlackElo "1574"]
[TimeControl "300"]
[EndTime "12:12:37 PDT"]
[Termination "Duke_of_Bebington won by checkmate"]

1. e3 e5 2. Qf3 Nc6 3. Bc4 Nf6 4. Qe4 d5 5. d3 dxe4 6. dxe4 Nxe4 7. Nf3 Bb4+ 8. Bd2 Bxd2+ 9. Nbxd2 Nxd2 10. Nxd2 Qg5 11. g3 Bg4 12. f4 exf4 13. exf4 Qe7+ 14. Kf2 O-O-O 15.
h3 Rxd2+ 16. Kg1 Qe3+ 17. Kf1 Qf2# 0-1

[Event "Live Chess"]
[Site "Chess.com"]
[Date "2023.05.20"]
[Round "-"]
[White "smoggyrabbit"]
[Black "AttackingSnowLeopard"]
[Result "1-0"]
[WhiteElo "1635"]
[BlackElo "2006"]
[TimeControl "300"]
[EndTime "12:13:03 PDT"]
[Termination "smoggyrabbit won by resignation"]

1. d4 d5 2. Nf3 Nf6 3. e3 Bg4 4.
Nbd2 e6 5. h3 Bh5 6. g4 Bg6 7.
Ne5 Nbd7 8. h4 Nxg4 9. Qxg4 Nxe5 10. dxe5 Qd7 11. Nb3 O-O-O 12. Bd2 Bxc2 13. Rc1 Bxb3 14. axb3 h5 15. Qd4 c5 16. b4 c4 17. Qxa7 Qb5 18. Qa5 Qxa5 19. bxa5 Kb8 20. Be2 Rc8 21. O-O g6 22. Kg2 Be7 23. Rh1 Rc5 24. f4 Rb5 25. Bc3 Bc5 26. Kf3 Rb3 27. Bd1 Rb5 28. Ba4 1-0

[Event "Live Chess"]
[Site "Chess.com"]
[Date "2023.05.20"]
[Round "-"]
[White "diana21strabt"]
[Black "MJMykh"]
[Result "1/2-1/2"]
[WhiteElo "1671"]
[BlackElo "1110"]
[TimeControl "300"]
[EndTime "12:13:06 PDT"]
[Termination "Game drawn by repetition"]

1. e4 e5 2. Nf3 Nc6 3. d4 exd4 4. Bc4 h6 5. Nxd4 Nxd4 6. Qxd4 Nf6 7. Nc3 b6 8. O-O Bc5 9. Qd3 O-O 10. Be3 Bxe3 11.
fxe3 a6 12. Rad1 b5 13. Bb3 c5 14. Bd5 Rb8 15. e5 Nxd5 16. Nxd5 c4 17. Qa3 Ra8 18.
Qd6 Bb7 19. Ne7+ Kh7 20. Qxd7 Qxd7 21. Rxd7 Be4 22. c3 Bd3 23. Rd1 Be2 24. R1d2 Bd3 25.
Nd5 Be4 26. Nf4 Bf5 27. h3 Bxd7 28. Rxd7 g6 29. e6 Kg7 30. h4 h5 31. Kf2 Kf6 32. e7 Rfe8 33. Nd5+ Ke6 34. Rd8 Rexd8 35. exd8=Q Rxd8 36. Nc7+ Kd7 37. Nxa6 Ra8 38. Nc5+ Kc7 39. a3 Kc6 40.
Ne4 Kd5 41. Nf6+ Ke6 42. Ne4 Rd8 43. Kf3 f5 44. Nc5+ Kd5 45. Nb7 Rb8 46. Na5 Re8 47. g3 Re4 48. Nb7 Re7 49. Nd8 Kd6 50. Kf4 Kd7 51. Nb7 Kc6 52. Na5+ Kb6 53. b4 Re4+ 54. Kf3 Rg4 55. Kf2 g5 56. hxg5 Rxg5 57. Kf3 Rg4 58. Kf2 h4 59. gxh4 Rxh4 60. Kf3 Rg4 61.
Kf2 Rh4 62. Kg3 Re4 63. Kf3 Kc7 64. Kf2 Kb6 65. Kf3 Rg4 66. Kf2 Rh4 1/2-1/2

[Event "Live Chess"]
[Site "Chess.com"]
[Date "2023.05.20"]
[Round "-"]
[White "MarkLim1"]
[Black "Richardallis"]
[Result "1-0"]
[WhiteElo "1687"]
[BlackElo "1768"]
[TimeControl "300"]
[EndTime "12:13:06 PDT"]
[Termination "MarkLim1 won by resignation"]

1. d4 c5 2. d5 d6 3. Nc3 e5 4.
e4 f5 5. exf5 Bxf5 6. Bd3 Bxd3 7. Qxd3 Nf6 8. Bg5 Be7 9. O-O-O a6 10. f4 exf4 11. Bxf4 O-O 12. Nh3 h6 13. Rhf1 b5 14.
Ne4 Nxe4 15. Qxe4 Nd7 16. Rde1 Re8 17. Qg6 Ne5 18. Bxe5 dxe5 19. Rxe5 Bg5+ 20. Rxg5 1-0

[Event "Live Chess"]
[Site "Chess.com"]
[Date "2023.05.20"]
[Round "-"]
[White "Brooms1989"]
[Black "TKDRyan"]
[Result "1-0"]
[WhiteElo "1016"]
[BlackElo "1142"]
[TimeControl "300"]
[EndTime "12:13:07 PDT"]
[Termination "Brooms1989 won by checkmate"]

1. e4 c5 2. Nc3 d6 3. f4 Nc6 4.
Bb5 Bd7 5. Nf3 Nf6 6. O-O a6 7. Bxc6 Bxc6 8. d3 e6 9. Qe1 Be7 10. e5 dxe5 11. fxe5 Bxf3 12. Rxf3 Nd5 13. Qg3 b5 14.
Qxg7 Kd7 15. Nxd5 exd5 16. Qg4+ Kc6 17. Rxf7 Rg8 18. Qe6+ Kc7 19. Rxe7+ Kb8 20. Rd7 Qh4 21. Qb6+ Kc8 22. Qc7# 1-0